 Dungeon Crawl Stone Soup version 0.19-a0-1216-g363869b (webtiles) character file.

515 4thArraOfDagon the Firebug (level 7, -3/36 HPs)
             Began as a Deep Elf Fire Elementalist on Aug 23, 2016.
             Was an Initiate of Sif Muna.
             Shot with an arrow by a centaur (8 damage)
             ... on level 6 of the Dungeon.
             The game lasted 00:06:41 (1330 turns).

4thArraOfDagon the Firebug (DEFE)                   Turns: 1330, Time: 00:06:42

Health: -3/36      AC:  3    Str: 10    XL:     7   Next: 0%
Magic:  2/16       EV: 22    Int: 27    God:    Sif Muna [......]
Gold:   100        SH:  0    Dex: 20    Spells: 4 memorised, 2 levels left

rFire  . . .     SeeInvis .     d - 6 scrolls of identify {unknown}
rCold  . . .     Gourm    .     a - +0 robe
rNeg   . . .     Faith    .     (no shield)
rPois  .         Spirit   .     (helmet restricted)
rElec  .         Dismiss  .     (no cloak)
rCorr  .         Reflect  .     j - +0 pair of gloves
MR     .....     Harm     .     (no boots)
Stlth  +++.......               (no amulet)
                                (no ring)
                                n - +4 ring of evasion

@: mighty, brilliant, agile, flying
A: antennae 2, wild magic 1
a: Renounce Religion


You were on level 6 of the Dungeon.
You worshipped Sif Muna.
Sif Muna was noncommittal.
You were very hungry.

You visited 2 branches of the dungeon, and saw 7 of its levels.

You collected 100 gold pieces.

Inventory:

Hand Weapons
 e - a +0 club
 h - a +0 dagger
 l - a +0 antimagic trident
Armour
 a - a +0 robe (worn)
 j - a +0 pair of gloves (worn)
 v - a +0 helmet
Jewellery
 n - a +4 ring of evasion (left hand)
Wands
 w - a wand of iceblast (0/15)
Scrolls
 d - 6 scrolls of identify (in hand) {unknown}
 f - a scroll of noise {unknown}
 k - a scroll of enchant armour {unknown}
 m - a scroll of blinking {unknown}
 p - a scroll of recharging {unknown}
 r - a scroll of immolation {unknown}
 u - 3 scrolls of remove curse {unknown}
 x - a scroll of fog {unknown}
Potions
 g - a potion of mutation
 i - a potion of agility
 t - a potion of brilliance
Books
 b - a book of Flames

   Spells                             Type                      Level
   a - Flame Tongue                   Conjuration/Fire             1
   b - Throw Flame                    Conjuration/Fire             2
   c - Conjure Flame                  Conjuration/Fire             3
   d - Inner Flame                    Hexes/Fire                   3
   e - Sticky Flame                   Conjuration/Fire             4
   f - Fireball                       Conjuration/Fire             5
Comestibles
 c - 4 bread rations
 q - a royal jelly
 s - 2 slices of pizza


   Skills:
 - Level 2.4 Dodging
 - Level 2.4 Stealth
 + Level 4.9 Spellcasting
 * Level 5.1 Conjurations
 * Level 5.9 Fire Magic
 + Level 1.3 Invocations


You had 2 spell levels left.
You knew the following spells:

 Your Spells              Type           Power        Failure   Level  Hunger
a - Flame Tongue          Conj/Fire      #####        1%          1    None
b - Conjure Flame         Conj/Fire      ######..     1%          3    #......
c - Sticky Flame          Conj/Fire      ######..     1%          4    ###....
d - Fireball              Conj/Fire      ######....   4%          5    #####..


Dungeon Overview and Level Annotations

Branches:
Dungeon (6/15)             Temple (1/1) D:6

Altars:
Hepliaklqana
Qazlal
Sif Muna
Trog
Zin


Innate Abilities, Weirdness & Mutations

You have a pair of antennae on your head.
Your spells are a little harder to cast, but a little more powerful.


Message History

Okay, then.
Unknown command.
The orc wizard completely misses you.
Unknown command.
Unknown command.
Unknown command.
Unknown command.
Evoke which item? (* to show all) (? for menu, Esc to quit)
Zapping:
w - a wand of iceblast (will waste charges)
Press: ? - help, Shift-Dir - straight line, f - centaur
Aim: a centaur, wielding a shortbow The mass of ice explodes!
The iceblast engulfs the centaur.
The centaur is heavily wounded.
The iceblast engulfs the orc wizard.
You kill the orc wizard!
Sif Muna accepts your kill.
You have reached level 7!
Evoking this partially-identified wand wasted a few charges.
The centaur shoots an arrow.
The arrow hits you!
You die...

##.##......## #.†..........#.
................###............#.
#####.####..###..##............#.
# #... ...# #.##............#.
###.........# #.##............#.
......####..# #.##............#.
.###.## .# #.##............#.
.##..# #.##............#. ..#..#
#@##............#. .....######
#).##.......##### .##........
##c##..###......# ....#####.#
#.##...........# ..###
#.##o##.###.......# ..#####
#o).(...$...#...### #.#...#
#.###...###.###.# #...<.###.# #
#....c.. .. ..........# ##..###c#
...


You could see a centaur and an orc.

Vanquished Creatures
  A water moccasin (D:6)
  An orc warrior (D:6)
  An ogre (D:4)
  A scorpion (D:4)
  A wasp zombie (D:4)
  A giant frog skeleton (D:3)
  An orc wizard (D:6)
  An iguana (D:5)
  3 adders
  2 adder skeletons (D:4)
  A giant gecko (D:3)
  5 orcs
  2 goblins
  2 hobgoblins (D:2)
  A jackal (D:2)
  3 kobolds
  A quokka (D:2)
  A ball python (D:4)
  3 bats
  3 giant newts
  2 rats
37 creatures vanquished.

Notes
Turn   | Place    | Note
-------+----------+-------------------------------------------
     0 | D:1      | 4thArraOfDagon the Deep Elf Fire Elementalist began the quest for the Orb.
     0 | D:1      | Reached XP level 1. HP: 10/10 MP: 6/6
    91 | D:2      | Reached XP level 2. HP: 10/15 MP: 1/8
   442 | D:3      | Reached XP level 3. HP: 8/19 MP: 1/10
   447 | D:3      | Learned a level 3 spell: Conjure Flame
   584 | D:3      | Found a bloodstained altar of Trog.
   714 | D:4      | Noticed a scorpion
   723 | D:4      | Killed a scorpion
   723 | D:4      | Reached XP level 4. HP: 24/24 MP: 4/11
   757 | D:4      | Learned a level 4 spell: Sticky Flame
   760 | D:4      | jacquesderrida: fire degeng
   783 | D:4      | Found a glowing silver altar of Zin.
   792 | D:5      | Entered Level 5 of the Dungeon
   848 | D:4      | Noticed an ogre
   859 | D:4      | Killed an ogre
   859 | D:4      | Reached skill level 5 in Fire Magic
   859 | D:4      | Reached XP level 5. HP: 28/28 MP: 2/13
   982 | D:5      | Reached XP level 6. HP: 17/32 MP: 0/14
  1025 | D:5      | Learned a level 5 spell: Fireball
  1153 | D:6      | Found a staircase to the Ecumenical Temple.
  1171 | Temple   | Entered the Ecumenical Temple
  1180 | Temple   | Became a worshipper of Sif Muna the Loreminder
  1210 | D:6      | Noticed a water moccasin
  1218 | D:6      | Killed a water moccasin
  1314 | D:6      | Noticed an orc warrior
  1322 | D:6      | Killed an orc warrior
  1322 | D:6      | Reached skill level 5 in Conjurations
  1322 | D:6      | Reached skill level 1 in Invocations
  1324 | D:6      | Gained mutation: You have a pair of small antennae on your head. [potion of mutation]
  1324 | D:6      | Gained mutation: You have a pair of antennae on your head. [potion of mutation]
  1324 | D:6      | Gained mutation: Your spells are a little harder to cast, but a little more powerful. [potion of mutation]
  1330 | D:6      | Reached XP level 7. HP: 5/36 MP: 2/16
  1330 | D:6      | Shot with an arrow by a centaur

Vault maps used:
D:1:      dpeg_arrival_central
D:2:      first_bread, elyvilon_altar_1
D:3:      lemuel_doored_altar, kennysheep_minor_cross
D:4:      kennysheep_the_goblin_king, zin_treasury, hangedman_decor_peaks_small
D:5:      fountainhead, uniq_menkaure
D:6:      nrook_loot_triangle
Temple:   nicolae_temple_elliptical

Skill      XL: |  1  2  3  4  5  6 |
---------------+-------------------+-----
Conjurations   | 2 3 4 5 |  5.1
Fire Magic     | 4 5 |  5.9
Spellcasting   | 4 |  4.9
Invocations    | 1 |  1.3
Dodging        | |  2.4
Stealth        | |  2.4

Action                   |  1- 3 |  4- 6 |  7- 9 || total
-------------------------+-------+-------+-------++-------
Melee: Unarmed           |     1 |       |       ||     1
       Dagger            |     1 |     3 |       ||     4
 Cast: Flame Tongue      |    51 |    28 |       ||    79
       Conjure Flame     |       |     3 |       ||     3
       Sticky Flame      |       |     4 |       ||     4
       Fireball          |       |     1 |       ||     1
Evoke: Wand              |       |       |     1 ||     1
  Use: Potion            |       |     5 |       ||     5
  Eat: Chunk             |       |     1 |       ||     1
Armor: Robe              |     4 |       |       ||     4
Dodge: Dodged            |    34 |    17 |       ||    51
